 Dungeon Crawl Stone Soup version 0.28-a0-1395-g4f6bc678fa (webtiles) character file.

Game seed: 523762782316125625

234 Deminshera the Magician (level 5, -6/35 HPs)
             Began as a Demonspawn Wanderer on Jan 4, 2022.
             Was an Initiate of Ashenzari.
             Mangled by a mummy (19 damage)
             ... in an ossuary.
             The game lasted 00:06:24 (5202 turns).

Deminshera the Magician (Demonspawn Wanderer)       Turns: 5202, Time: 00:06:24

Health: -6/35      AC:  2    Str:  9    XL:     5   Next: 75%
Magic:  9/10       EV: 11    Int: 18    God:    Ashenzari [......]
Gold:   109        SH:  0    Dex: 13    Spells: 7/11 levels left

rFire   . . .      SeeInvis .   a - +2 dagger of the Mantic Regret {Range, Alch} (curse)
rCold   . . .      Faith    .   (no shield)
rNeg    . . .      Spirit   .   d - +0 robe
rPois   .          Reflect  .   (no helmet)
rElec   .          Harm     .   (no cloak)
rCorr   .          Rampage  .   (no gloves)
Will    .....                   (no boots)
Stlth   +.........              (no amulet)
HPRegen 0.11/turn               (no ring)
MPRegen 0.12/turn               (no ring)

@: no status effects
A: demonic guardian 2, weakness stinger 1
a: Renounce Religion, Curse Item, Shatter the Chains


You were in an ossuary.
You worshipped Ashenzari.
Ashenzari was noncommittal.
You visited 1 branch of the dungeon, and saw 4 of its levels.
You also visited: Ossuary.

You collected 109 gold pieces.

Inventory:

Hand Weapons
 a - the cursed +2 dagger of the Mantic Regret (weapon) {Range, Alch}

   It has a curse which improves the following skills: Ranged Combat: Slings,
   Bows, Crossbows and Throwing.
   Alchemy:   Poison Magic and Transmutations.
Missiles
 b - 3 curare-tipped darts
 k - 3 atropa-tipped darts
 m - 10 poisoned darts
Armour
 d - a +0 robe (worn)
Wands
 c - a wand of polymorph (7)
Scrolls
 n - 2 scrolls of identify
 q - a scroll of blinking {unknown}
Potions
 e - 6 potions of curing
 f - 2 potions of lignification {unknown}
 g - a potion of mutation {unknown}
 h - 2 potions of might {unknown}
 i - a potion of resistance {unknown}
 j - a potion of haste {unknown}
 l - 3 potions of degeneration {unknown}
 o - a potion of flight {unknown}
 p - 2 potions of cancellation {unknown}
 r - a potion of heal wounds {unknown}
 s - a potion of attraction {unknown}


   Skills:
 - Level 2.6(3.0) Throwing
 - Level 1.0 Dodging
 + Level 3.5 Spellcasting
 - Level 1.6(2.0) Transmutations
 - Level 2.0 Fire Magic
 + Level 3.4(3.8) Poison Magic
 - Level 1.2 Invocations
 - Level 2.0 Evocations


You had 7 spell levels left.
You knew the following spells:

 Your Spells              Type           Power      Damage    Failure   Level
a - Sting                 Tmut/Pois      52%        1d5       4%          1
b - Ignite Poison         Fire/Tmut/Pois 12%        N/A       16%         3

Your spell library contained the following spells:

 Spells                   Type           Power      Damage    Failure   Level


Dungeon Overview and Level Annotations

Branches:
Dungeon (4/15)            Ossuary (1/1)
 Temple: D:4-7

Altars:
Ashenzari

Shops:
D:3 ?   D:4 *


Innate Abilities, Weirdness & Mutations

A demonic guardian rushes to your aid.
You have a small tail.


Message History

You barely miss the mummy.
The mummy is lightly damaged.
The mummy hits you.
You are too injured to fight recklessly!
You are too injured to fight recklessly!
You are too injured to fight recklessly!
You are too injured to fight recklessly!
You are too injured to fight recklessly!
Aiming: Sting (safe; 4% risk of failure)
Press: ? - help, Q - select action, (/) - cycle Shift-Dir - straight line, f - mummy
Aim: a mummy (lightly damaged, 86% to hit)
The sting hits the mummy.
The mummy partially resists.
The mummy is lightly damaged.
Unknown command.
Aiming: Sting (safe; 4% risk of failure)
Press: ? - help, Q - select action, (/) - cycle Shift-Dir - straight line, f/p - mummy
Aim: a mummy (lightly damaged, 86% to hit)
The sting hits the mummy but does no damage.
The mummy is lightly damaged.
The mummy barely misses you.
You hit the mummy.
The mummy is moderately damaged.
You hit the mummy but do no damage.
The mummy is moderately damaged.
The mummy closely misses you.
You hit the mummy. You tail-slap the mummy.
The mummy is heavily damaged.
The mummy barely misses you.
You barely miss the mummy.
The mummy is heavily damaged.
You hit the mummy but do no damage.
The mummy is heavily damaged.
The mummy hits you.
You hit the mummy.
The mummy is severely damaged.
You hit the mummy.
The mummy is severely damaged.
The mummy hits you!!
Ouch! That really hurt!
You die...

##'## ### ##+##
####...###.###...##
##.'.....'...'.....+
##..##...######'...##
#..####+## ##.##+##
#.## #..####.## #.#
##..##.## ### ##'##
##..'## #∩###...#
##.@# #..'....+ ##M#
#∩###...# #...# ###
##+## +.!.+ #...#
##+##


You could see a mummy.

Vanquished Creatures
  A scorpion (D:3)
  A mummy (Ossuary)
  An adder (D:2)
  A worm (D:2)
  4 dart slugs
  An orc (D:3)
  10 ball pythons
  4 endoplasms
  2 giant cockroaches
  8 goblins
  4 hobgoblins
  4 jackals (D:1)
  A quokka (D:1)
  6 bats
  3 frilled lizards
  A goblin skeleton (Ossuary)
  6 kobolds
  2 kobold skeletons (Ossuary)
  3 rats (D:1)
  11 rat skeletons (Ossuary)
74 creatures vanquished.

Vanquished Creatures (collateral kills)
  A hound (D:3)
  2 mummies (Ossuary)
  An adder (D:3)
  An endoplasm (D:3)
  2 quokkas
  A kobold (D:3)
8 creatures vanquished.

Grand Total: 82 creatures vanquished

Notes
Turn   | Place    | Note
-------+----------+-------------------------------------------
     0 | D:1      | Deminshera the Demonspawn Wanderer began the quest for the
                  | Orb.
     0 | D:1      | Deminshera set off with the following items: a +2 dagger, 3
                  | curare-tipped darts, a wand of polymorph (7), a +0 robe;
                  | and the following spell memorised: Sting; and the following
                  | spells available to memorise: Ignite Poison
     0 | D:1      | Reached XP level 1. HP: 13/13 MP: 3/3
   497 | D:1      | Gained mutation: You have a small tail. [demonic ancestry]
   497 | D:1      | Reached XP level 2. HP: 15/19 MP: 0/5
  1529 | D:1      | Gained mutation: A weak demonic guardian rushes to your
                  | aid. [demonic ancestry]
  1529 | D:1      | Reached XP level 3. HP: 23/24 MP: 4/7
  1561 | D:1      | Learned a level 3 spell: Ignite Poison
  2386 | D:2      | Found a faded altar of an unknown god.
  2413 | D:2      | Prayed at the altar of an unknown god.
  2413 | D:2      | Became a worshipper of Ashenzari the Shackled
  2519 | D:2      | HP: 1/24 [poisoned by an adder]
  3438 | D:3      | Reached XP level 4. HP: 26/30 MP: 4/8
  3493 | D:3      | Reached skill level 1 in Fire Magic
  3556 | D:3      | Noticed a scorpion
  3568 | D:3      | Killed a scorpion
  3569 | D:3      | Reached skill level 1 in Transmutations
  3569 | D:3      | Gained mutation: A demonic guardian rushes to your aid.
                  | [demonic ancestry]
  3569 | D:3      | Reached XP level 5. HP: 4/35 MP: 6/9
  4225 | D:3      | Found Xasein's Magic Scroll Emporium.
  4372 | D:4      | Found Hyugosan's General Store.
  4460 | D:4      | Found a sand-covered staircase.
  4463 | Ossuary  | Entered an ossuary
  5202 | Ossuary  | Mangled by a mummy

Illustrated notes

Levels and vault maps discovered:
D:1:      dpeg_arrival_tiny_e, layout_loops_corners, kennysheep_boxes
D:2:      layout_basic, ebering_ecumenical_altar_sacrificial
D:3:      layout_rooms, serial_shops, nicolae_diamond_shop
D:4:      layout_rooms, serial_shops, shop, lightli_ossuary_entry_decrepit_ruins
Ossuary:  ossuary_due_small_catacomb

Skill      XL: |  1  2  3  4  5 |
---------------+----------------+-----
Poison Magic   | 2 3 |  3.4
Fire Magic     | 1 2 |  2.0
Spellcasting   | 3 |  3.5
Transmutations | 1 |  1.6
Throwing       | |  2.6
Dodging        | |  1.0
Invocations    | |  1.2
Evocations     | |  2.0

Action                   |  1- 3 |  4- 6 || total
-------------------------+-------+-------++-------
Melee: Dagger            |    59 |    96 ||   155
       Tailslap          |     3 |     9 ||    12
Throw: Dart              |     2 |     3 ||     5
 Cast: Sting             |    53 |    22 ||    75
Invok: Curse Item        |       |     1 ||     1
  Use: Scroll            |       |     1 ||     1
       Potion            |       |     1 ||     1
 Stab: Sleeping          |     2 |     1 ||     3
Armor: Robe              |    15 |    17 ||    32
Dodge: Dodged            |    53 |    71 ||   124

Table legend: (Time is in decaauts)
 A = Elapsed time spent in this place.
 B = Non-inter-level travel time spent in this place.
 C = Inter-level travel time spent in this place.
 D = Time resting spent in this place.
 E = Time spent auto-exploring this place.
 F = Levels seen in this place.
 G = Mean time per level.
                   A        B        C        D        E       F      G
               +--------+--------+--------+--------+--------+-----+--------+
         Total |   5226 |   5162 |     64 |   2217 |   2333 |   5 | 1045.2 |
       Dungeon |   4488 |   4424 |     64 |   1950 |   1972 |   4 | 1122.0 |
       Ossuary |    738 |    738 |      0 |    267 |    361 |   1 |  738.0 |
               +--------+--------+--------+--------+--------+-----+--------+

Top non-repeatable levels by time:
     D:1: 2112 daAuts
     D:2: 1331 daAuts
     D:3: 987 daAuts
 Ossuary: 738 daAuts
     D:4: 56 daAuts
